 Dungeon Sprint DCSS version 0.30-a0-451-ge042605de7 (webtiles) character file.

Game seed: 17900452045217347941

46370 rocky1 the Executioner (level 14, -19/183 HPs)
             Began as an Ogre Gladiator on Dec 12, 2022.
             Was an Initiate of Gozag.
             Collided with a hornet (24 damage)
             ... caused by a merfolk aquamancer
             ... in the Dungeon (Sprint VII: "The Pits").
             The game lasted 00:38:27 (10911 turns).

rocky1 the Executioner (Ogre Gladiator)            Turns: 10911, Time: 00:38:27

Health: -19/183    AC: 14    Str: 25    XL:     14   Next: 37%
Magic:  14/14      EV: 15    Int:  9    God:    Gozag
Gold:   1023       SH:  0    Dex: 10    Spells: 13/13 levels left

rFire   + . .      SeeInvis .    y - +6 battleaxe (elec)
rCold   . . .      Faith    .    (shield currently unavailable)
rNeg    + . .      Spirit   .    A - +3 robe of Clouds {*Thunder rCloud rElec}
rPois   +          Reflect  .    c - +2 hat
rElec   +          Harm     .    L - +2 cloak {Stlth+}
rCorr   .          Rampage  .    (gloves unavailable)
Will    +....      NoTele   +    (boots unavailable)
Stlth   +++++.....               E - amulet of the acrobat
HPRegen 0.50/turn                H - ring of Welo {rPois rF+ rN+ Stlth+}
MPRegen 0.14/turn                s - +3 ring of protection

@: lethally poisoned (-19 -> -21), gold aura
A: large, unfitting armour, tough skin 1
a: Renounce Religion, Potion Petition, Call Merchant, Bribe Branch


You were in the Dungeon.
You worshipped Gozag.
Gozag was most pleased with you.
You visited 1 branch You collected 14080 gold pieces.
You spent 3734 gold pieces at shops.
You paid 9323 gold pieces to Gozag.

Inventory:

Hand Weapons
 h - a +3 eveningstar of holy wrath
 k - a +3 vorpal broad axe
 v - the +6 war axe of Reason {vorpal, Contam Int+3 Dex+4}
   (You found it in the Dungeon)

   It inflicts extra damage upon your enemies.
   Int:       It affects your intelligence (+3).
   Dex:       It affects your dexterity (+4).
   Contam:    It causes magical contamination when unequipped.
 w - a +1 executioner's axe of venom
 x - a +3 giant spiked club
 y - a +6 battleaxe of electrocution (weapon)
 z - a +0 long sword of flaming
 M - the +10 hand axe "Ugycyiqi" {vamp, *Noise Str+4}
   (You found it in the Dungeon)

   It occasionally heals its wielder for a portion of the damage dealt when it
   wounds a living foe.
   Str:       It affects your strength (+4).
   *Noise:    It may make noises in combat.
 N - a +2 battleaxe of electrocution
 O - the +2 broad axe of Heum {vorpal, *Rage rElec rPois rN+}
   (You bought it in a shop in the Dungeon)

   It inflicts extra damage upon your enemies.
   rElec:     It insulates you from electricity.
   rPois:     It protects you from poison.
   rN:        It protects you from negative energy.
   *Rage:     It berserks you when you make melee attacks (+20% chance).
Missiles
 b - a large rock
 d - 2 throwing nets
 e - 3 boomerangs
 l - 5 javelins
 q - a curare-tipped dart (quivered)
Armour
 a - a +2 robe of the Archmagi
 c - a +2 hat (worn)
 n - +4 ice dragon scales
 r - a +1 tower shield
 A - the +3 robe of Clouds (worn) {*Thunder rCloud rElec}
   (You bought it in a shop in the Dungeon)

   It occasionally creates storm clouds above nearby enemies.
   It grants its wearer immunity to clouds.
   rElec:     It insulates you from electricity.
 B - a +2 cloak of poison resistance
 L - a +2 cloak of stealth (worn)
Jewellery
 o - a ring of protection from cold
 s - a +3 ring of protection (right hand)
 C - the ring "Ozuesis" {EV+4 SInv}
   (You bought it in a shop in the Dungeon)

   [ring of evasion]

   EV:        It affects your evasion (+4).
   SInv:      It lets you see invisible.
 E - an amulet of the acrobat (around neck)
 F - a ring of see invisible
 H - the ring of Welo (left hand) {rPois rF+ rN+ Stlth+}
   (You bought it in a shop in the Dungeon)

   [ring of protection from fire]

   rF:        It protects you from fire.
   rPois:     It protects you from poison.
   rN:        It protects you from negative energy.
   Stlth:     It makes you more stealthy.
 I - a ring of positive energy
Scrolls
 m - 5 scrolls of amnesia
 p - a scroll of fog
 D - a scroll of blinking
 J - a scroll of immolation
Potions
 f - 9 potions of curing
 g - 5 potions of heal wounds
 i - 4 potions of magic
 t - a potion of berserk rage
 u - a potion of mutation
 G - a potion of lignification


   Skills:
 + Level 22.4 Fighting
 + Level 23.3(23.5) Axes
 + Level 4.8(15.0) Maces & Flails
 + Level 15.6 Throwing
 + Level 6.0 Armour
 + Level 16.9 Dodging
 + Level 5.1 Stealth
 + Level 5.4 Shields


You had 13 spell levels left.
You didn't know any spells.
Your spell library contained the following spells:

 Spells                   Type           Power      Damage    Failure   Level
 Inner Flame              Hex/Fire       0%         N/A       77%         3
 Kindle Blastsparks       Fire/Tloc/Air  0%         2d10      77%         3
 Lesser Beckoning         Tloc           0%         N/A       77%         3
 Portal Projectile        Hex/Tloc       0%         N/A       77%         3
 Teleport Other           Tloc           0%         N/A       77%         3
 Yara's Violent Unravell  Hex/Tmut       0%         3d3       100%        5
 Disjunction              Tloc           0%         N/A       100%        8


Dungeon Overview and Level Annotations

Branches:
Dungeon (1/1)

Altars:
Ashenzari
Cheibriados
Dithmenos
Elyvilon
Fedhas
Gozag
Hepliaklqana
Kikubaaqudgha
Makhleb
Nemelex Xobeh
Okawaru
Qazlal
Ru
Sif Muna
Trog
Uskayaw
Vehumet
Wu Jian
Xom
Yredelemnul
Zin
The Shining One
Jiyva
Lugonu

Shops:
D ([=[[


Innate Abilities, Weirdness & Mutations

You are too large for most types of armour.
You have tough skin. (AC +1)


Message History

* * * LOW HITPOINT WARNING * * *
Your Armour skill increases to level 6!
The spriggan rider hits you but does no damage.
You are poisoned.
The merfolk aquamancer casts a spell.
The merfolk aquamancer blinks!
You see here 27 gold pieces.
You slice the spriggan rider!!
The spriggan rider is moderately wounded.
You feel sick. The spriggan rider barely misses you.
You closely miss the spriggan rider.
The spriggan rider is moderately wounded.
You feel sick.
You miss the spriggan rider.
The spriggan rider is moderately wounded.
You feel sick.
The merfolk aquamancer is distracted by your dazzling golden aura.
The spriggan rider hits you with a +1 spear of venom!
* * * LOW HITPOINT WARNING * * *
Unknown command.
You feel much better.
You feel sick.
The spriggan rider hits you but does no damage.
You barely miss the spriggan rider.
The spriggan rider is moderately wounded.
You feel sick.
The merfolk aquamancer is no longer distracted by gold.
The spriggan rider barely misses you.
The large abomination is distracted by your dazzling golden aura.
You slice the spriggan rider!!
You kill the spriggan!
The hornet is severely wounded.
Storm clouds gather above the large abomination.
The merfolk aquamancer casts a spell at you.
The torrent of water hits you!!!
* * * LOW HITPOINT WARNING * * *
You are knocked back by the torrent of water.
You collide with the hornet!
The hornet dies!
You die...
Your body crumbles into a pile of gold.

.........''....m.....
#######..##..#....#..
#.#.#.#..##...§......
.#.#.##..##...§§.....
#.#)#)#..####''####++
.#.#.##..####''####++############
#.#.#.#..##..~$$X##........).....
#######..##.#'##$##..)...........
....... #.#is+@##.)############
....... # 'XE#.##))#)))#.#.#.#.
####### .#:Z+m##).#.#)#.#.#.#.
###########.+.[#.##..#)))#)#.#...
.....##..## ##+#.##..##.##)#.#.#.
.....##..# ..##).#)))#'#'#...
.....''..# ####..#.#)#...#.#.
.....''.[##########..#)))#.....).
.....##...........)..#'###.#.#.#.


You could see a merfolk aquamancer and a large abomination.

Vanquished Creatures
  2 death cobs (D)
  A storm dragon (D)
  2 emperor scorpions (D)
  A ghost moth (D)
  A nagaraja (D)
  A balrug (D)
  2 orc warlords (D)
  A dire elephant (D)
  An ettin (D)
  A yaktaur captain (D)
  A vault guard (D)
  A hydra (D)
  2 boulder beetles (D)
  An alligator snapping turtle (D)
  An anaconda (D)
  A two-headed ogre (D)
  A death knight (D)
  A naga warrior (D)
  A vampire mage (D)
  Urug (D)
  2 deep elf knights (D)
  A shadow wraith (D)
  A swamp dragon (D)
  3 lindwurms (D)
  A flayed ghost (D)
  A deep elf zephyrmancer (D)
  15 orc knights (D)
  An orc sorcerer (D)
  A wolf spider (D)
  A manticore (D)
  7 elephants (D)
  2 orange demons (D)
  2 black mambas (D)
  2 unseen horrors (D)
  A freezing wraith (D)
  A rime drake (D)
  3 yaktaurs (D)
  2 guardian mummies (D)
  An ice devil (D)
  A merfolk (D)
  A wind drake (D)
  2 hornets (D)
  A tyrant leech (D)
  8 slime creatures (D)
  A tarantella (D)
  2 snapping turtles (D)
  9 blink frogs (D)
  Sigmund (D)
  A flying skull (D)
  A shadow (D)
  4 spriggans (D)
  2 air elementals (D)
  A fire elemental (D)
  2 ynoxinuls (D)
  A basilisk (D)
  3 yaks (D)
  4 vampire mosquitoes (D)
  A chaos spawn (D)
  A warg (D)
  A floating eye (D)
  A black bear (D)
  12 wolves (D)
  2 centaurs (D)
  A kobold brigand (D)
  3 small abominations (D)
  A necrophage (D)
  2 scorpions (D)
  12 killer bees (D)
  5 orc priests (D)
  A gnoll bouda (D)
  A hound (D)
  3 orc wizards (D)
  3 gnolls (D)
  An adder zombie (D)
  6 orcs (D)
  A bat zombie (D)
  A giant cockroach (D)
  2 goblins (D)
  3 jackals (D)
  A quokka (D)
  A bat simulacrum (D)
  A frilled lizard (D)
  A giant cockroach zombie (D)
185 creatures vanquished.

Vanquished Creatures (collateral kills)
  5 killer bees (D)
5 creatures vanquished.

Vanquished Creatures (others)
  A hornet (D)
1 creature vanquished.

Grand Total: 191 creatures vanquished

Notes
Turn   | Place    | Note
-------+----------+-------------------------------------------
     0 | D        | rocky1 the Ogre Gladiator began the quest for the Orb.
     0 | D        | Reached XP level 1. HP: 22/22 MP: 1/1
    13 | D        | Noticed a scorpion
    24 | D        | Killed a scorpion
    25 | D        | Reached skill level 5 in Axes
    25 | D        | Reached XP level 2. HP: 16/32 MP: 2/2
    25 | D        | Reached XP level 3. HP: 19/39 MP: 3/3
    25 | D        | Reached XP level 4. HP: 24/48 MP: 4/4
   163 | D        | Found a bloodstained altar of Trog.
   163 | D        | Found a shimmering blue altar of Sif Muna.
   163 | D        | Found a viscous altar of Jiyva.
   163 | D        | Found a hazy altar of Hepliaklqana.
   163 | D        | Found an opulent altar of Gozag.
   164 | D        | Found a glowing golden altar of the Shining One.
   164 | D        | Found a glowing silver altar of Zin.
   164 | D        | Found a basalt altar of Yredelemnul.
   164 | D        | Found a shimmering altar of Xom.
   164 | D        | Found an ornate altar of the Wu Jian Council.
   164 | D        | Found a sacrificial altar of Ru.
   164 | D        | Found a stormy altar of Qazlal.
   164 | D        | Found an iron altar of Okawaru.
   164 | D        | Found a sparkling altar of Nemelex Xobeh.
   164 | D        | Found a burning altar of Makhleb.
   164 | D        | Found a blossoming altar of Fedhas.
   164 | D        | Found a white marble altar of Elyvilon.
   164 | D        | Found a shadowy altar of Dithmenos.
   164 | D        | Found a snail-covered altar of Cheibriados.
   166 | D        | Found a radiant altar of Vehumet.
   166 | D        | Found a corrupted altar of Lugonu.
   167 | D        | Found a hide-covered altar of Uskayaw.
   167 | D        | Found an ancient bone altar of Kikubaaqudgha.
   167 | D        | Found a broken altar of Ashenzari.
   175 | D        | Became a worshipper of Gozag Ym Sagoz the Greedy
   212 | D        | Reached skill level 5 in Dodging
   479 | D        | Noticed a floating eye
   480 | D        | Paralysed by a floating eye for 3 turns
   485 | D        | Paralysed by a floating eye for 2 turns
   490 | D        | Killed a floating eye
   491 | D        | Reached skill level 5 in Fighting
   491 | D        | Reached skill level 6 in Axes
   491 | D        | Reached XP level 5. HP: 58/58 MP: 5/5
   616 | D        | Reached skill level 5 in Throwing
   854 | D        | Noticed a kobold brigand
   859 | D        | Noticed a warg
   880 | D        | Killed a kobold brigand
   881 | D        | Reached skill level 7 in Axes
   881 | D        | Reached XP level 6. HP: 39/71 MP: 6/6
   891 | D        | Killed a warg
   892 | D        | Reached skill level 8 in Axes
   900 | D        | Reached XP level 7. HP: 17/81 MP: 7/7
  1132 | D        | Noticed a flying skull
  1147 | D        | Killed a flying skull
  1682 | D        | Noticed Sigmund
  1689 | D        | Killed Sigmund
  1690 | D        | Reached skill level 10 in Fighting
  1690 | D        | Reached skill level 9 in Axes
  1708 | D        | Noticed a shadow
  1711 | D        | Killed a shadow
  1712 | D        | Reached skill level 10 in Axes
  1712 | D        | Reached XP level 8. HP: 94/94 MP: 8/8
  1918 | D        | Noticed a lindwurm
  1918 | D        | Noticed an orange demon
  1938 | D        | Killed an orange demon
  1939 | D        | Reached skill level 11 in Axes
  1948 | D        | Killed a lindwurm
  1949 | D        | Reached XP level 9. HP: 9/106 MP: 9/9
  2258 | D        | Bought an embroidered robe for 103 gold pieces
  2258 | D        | Bought an embroidered robe for 103 gold pieces
  2258 | D        | Bought a glowing robe for 103 gold pieces
  2325 | D        | Noticed a lindwurm
  2340 | D        | Killed a lindwurm
  2341 | D        | Reached skill level 12 in Axes
  2341 | D        | Reached skill level 10 in Dodging
  2506 | D        | Reached skill level 13 in Axes
  2809 | D        | Reached skill level 14 in Axes
  2809 | D        | Reached XP level 10. HP: 94/120 MP: 10/10
  2875 | D        | Noticed a black mamba
  2900 | D        | Killed a black mamba
  3183 | D        | Killed an unseen horror
  3206 | D        | Reached skill level 15 in Axes
  3759 | D        | Reached skill level 15 in Fighting
  3774 | D        | Noticed an orc sorcerer
  3780 | D        | Killed an orc sorcerer
  3780 | D        | Noticed a swamp dragon
  3791 | D        | Noticed a five-headed hydra
  3794 | D        | Noticed an elephant
  4118 | D        | Reached skill level 16 in Axes
  4153 | D        | Killed an unseen horror
  4261 | D        | Noticed an anaconda
  4275 | D        | Reached XP level 11. HP: 103/135 MP: 11/11
  4364 | D        | Killed an anaconda
  4373 | D        | Paralysed by an air elemental for 1 turns
  4390 | D        | Reached skill level 17 in Axes
  4511 | D        | Bought a +2 cloak of stealth for 236 gold pieces
  4531 | D        | Noticed a boulder beetle
  4546 | D        | Killed a boulder beetle
  4774 | D        | Noticed an orc knight
  4774 | D        | Noticed an orc knight
  4774 | D        | Noticed an orc knight
  4774 | D        | Noticed an orc knight
  4774 | D        | Noticed an orc knight
  4775 | D        | Noticed an orc warlord
  4775 | D        | Noticed an orc warlord
  4809 | D        | Killed an orc knight
  4848 | D        | Noticed a yaktaur captain
  4857 | D        | Killed a yaktaur captain
  4858 | D        | Reached skill level 10 in Throwing
  4917 | D        | Noticed an orc knight
  4946 | D        | Killed an orc knight
  4947 | D        | Reached skill level 18 in Axes
  5206 | D        | Noticed an orc knight
  5220 | D        | Killed an orc knight
  5249 | D        | Killed an orc knight
  5303 | D        | Noticed an orc knight
  5315 | D        | Killed an orc knight
  5505 | D        | Noticed an orc knight
  5525 | D        | Killed an orc knight
  5545 | D        | Noticed an orc knight
  5551 | D        | Noticed an orc knight
  5565 | D        | Killed an orc knight
  5569 | D        | Killed an orc knight
  5570 | D        | Reached XP level 12. HP: 84/150 MP: 12/12
  5689 | D        | Killed an orc warlord
  5690 | D        | Reached skill level 19 in Axes
  5792 | D        | Killed an orc warlord
  6272 | D        | Noticed a balrug
  6383 | D        | Killed a balrug
  6831 | D        | Reached skill level 20 in Axes
  7337 | D        | Noticed a deep elf knight
  7367 | D        | Killed a deep elf knight
  7610 | D        | Noticed a death knight
  7623 | D        | Killed a death knight
  7671 | D        | Noticed a deep elf knight
  7677 | D        | Killed a deep elf knight
  7814 | D        | Noticed an emperor scorpion
  7814 | D        | Noticed a vault guard
  7815 | D        | Noticed a naga warrior
  7824 | D        | Killed a vault guard
  7834 | D        | Killed a naga warrior
  7834 | D        | Killed a ghost moth
  7835 | D        | Reached skill level 15 in Dodging
  7953 | D        | Killed an emperor scorpion
  7954 | D        | Reached skill level 21 in Axes
  7954 | D        | Reached XP level 13. HP: 69/165 MP: 13/13
  8234 | D        | Got the +6 war axe of Reason {vorpal, Contam Int+3 Dex+4}
  8811 | D        | Bought the +3 robe of Clouds {*Thunder rCloud rElec} for
                  | 1039 gold pieces
  8811 | D        | Found the +3 robe of Clouds {*Thunder rCloud rElec}
  8811 | D        | Bought a glowing cloak for 262 gold pieces
  9007 | D        | Reached skill level 22 in Axes
  9033 | D        | Noticed a death cob
  9042 | D        | Killed a death cob
  9614 | D        | Noticed Urug
  9681 | D        | Killed Urug
 10065 | D        | Bought the ring "Ozuesis" {EV+4 SInv} for 566 gold pieces
 10065 | D        | Bought an amulet of the acrobat for 360 gold pieces
 10065 | D        | Bought the ring of Welo {rPois rF+ rN+ Stlth+} for 518 gold
                  | pieces
 10147 | D        | Noticed an ettin
 10162 | D        | Reached skill level 1 in Maces & Flails
 10162 | D        | Reached skill level 1 in Shields
 10198 | D        | Reached skill level 15 in Throwing
 10212 | D        | Killed an ettin
 10240 | D        | Noticed a storm dragon
 10248 | D        | Killed a storm dragon
 10249 | D        | Reached skill level 23 in Axes
 10249 | D        | Reached XP level 14. HP: 115/180 MP: 14/14
 10268 | D        | Noticed a death cob
 10281 | D        | HP: 9/182 [death cob (17)]
 10283 | D        | Killed a death cob
 10284 | D        | Reached skill level 5 in Armour
 10691 | D        | Identified the +10 falchion of the Wolf {protect, rPois
                  | rC++ rCorr Dex-3}
 10691 | D        | Noticed a nagaraja
 10699 | D        | Killed a nagaraja
 10707 | D        | Got the Catalogue of Geometric Glamour
 10712 | D        | Got the +10 hand axe "Ugycyiqi" {vamp, *Noise Str+4}
 10718 | D        | Got the Grimoire of Peregrination
 10843 | D        | Bought a glowing battleaxe for 228 gold pieces
 10843 | D        | Bought an ancient broad axe for 216 gold pieces
 10843 | D        | Identified the +2 broad axe of Heum {vorpal, *Rage rElec
                  | rPois rN+} (You bought it in a shop in the Dungeon)
 10875 | D        | Noticed an emperor scorpion
 10875 | D        | Noticed a dire elephant
 10892 | D        | Killed a dire elephant
 10893 | D        | Reached skill level 5 in Shields
 10896 | D        | Killed an emperor scorpion
 10897 | D        | Reached skill level 5 in Stealth
 10911 | D        | HP: 5/183 [merfolk aquamancer/torrent of water (39)]
 10911 | D        | Collided with a hornet

Illustrated notes

Levels and vault maps discovered:
D:        pitsprint [storerooms_1, entrance_room_1, metal_vault_3, armoury_3,
          mini_pit_1, grid_room_1, main_hall_1, silver_pit, the_coven_1,
          the_vestibule_1, steel_vault_5, golden_pit, hallway_of_sentries,
          crystal_vault_3, iron_vault_2, final_vault]

Skill      XL: |  1  2  3  4  5  6  7  8  9 10 11 12 13 14 |
---------------+-------------------------------------------+-----
Fighting       | 4 5 7 8 10 11 13 15 18 20 21 22 | 22.4
Axes           | 5 6 7 8 10 11 14 16 18 21 23 | 23.3
Throwing       | 3 4 5 6 8 9 11 13 15 | 15.6
Dodging        | 4 5 6 7 8 9 10 12 13 15 16 | 16.9
Armour         | 2 4 6 |  6.0
Stealth        | 2 3 5 |  5.1
Maces & Flails | 2 4 |  4.8
Shields        | 3 5 |  5.4

Action                   |  1- 3 |  4- 6 |  7- 9 | 10-12 | 13-15 || total
-------------------------+-------+-------+-------+-------+-------++-------
Melee: War axe           |     7 |    40 |       |       |       ||    47
       Flail             |       |    34 |    37 |       |       ||    71
       Punch             |       |       |     2 |     4 |       ||     6
       Hand axe          |       |       |    23 |       |       ||    23
       Broad axe         |       |       |    45 |   363 |       ||   408
       Battleaxe         |       |       |       |       |   194 ||   194
       Executioner's axe |       |       |       |       |    44 ||    44
       Long sword        |       |       |       |       |    10 ||    10
Throw: Throwing net      |     3 |       |     1 |     3 |       ||     7
       Large rock        |       |       |       |     1 |       ||     1
       Boomerang         |       |       |       |    15 |       ||    15
       Dart              |       |       |       |     3 |       ||     3
Invok: Potion Petition   |       |       |     1 |     4 |     3 ||     8
       Call Merchant     |       |       |     1 |     1 |     3 ||     5
  Use: Potion            |     1 |     2 |     3 |     9 |    10 ||    25
       Scroll            |       |       |     1 |     1 |     6 ||     8
 Stab: Held in net/web   |       |       |     2 |       |       ||     2
       Invisible         |       |       |       |     4 |     4 ||     8
       Distracted        |       |       |       |       |     3 ||     3
       Sleeping          |       |       |       |       |     1 ||     1
Armor: Robe              |     1 |    32 |    27 |    56 |    53 ||   169
       Skin              |       |       |       |    16 |       ||    16
       Acid dragon scale |       |       |       |     8 |    18 ||    26
Dodge: Dodged            |     6 |    23 |    67 |   183 |   166 ||   445

Table legend: (Time is in decaauts) A = Elapsed time spent in this place. B = Non-inter-level travel time spent in this place. C = Inter-level travel time spent in this place. D = Time resting spent in this place. E = Time spent auto-exploring this place. F = Levels seen in this place. G = Mean time per level. A B C D E F G +--------+--------+--------+--------+--------+-----+--------+ Total | 10769 | 10578 | 191 | 7518 | 0 | 1 | 10769.0 | Dungeon | 10769 | 10578 | 191 | 7518 | 0 | 1 | 10769.0 | +--------+--------+--------+--------+--------+-----+--------+

Top non-repeatable levels by time:
       D: 10769 daAuts
